SOB
NASSAU BLACK SAILS @ CASTRIES PALMERAS
01/08/1982
 
TOP OF THE 1ST
Nassau Black Sails batting - Pitching for Castries Palmeras : RHP Matt E Williams
Pitching: RHP Matt E Williams
Batting: RHB Randolph Ebersberger 0-0: Called Strike
0-1: Ball
1-1: Foul Ball, location: 2F
1-2: Ball
2-2: Fly out, F7 (Flyball, 7, EV 86.3 MPH)
Batting: RHB Heri Ramirez 0-0: Fly out, F2 (Popup, 2R, EV 93.8 MPH)
Batting: RHB Cecil Fielder 0-0: Ball
1-0: Ball
2-0: Fly out, F8 (Flyball, 8LD, EV 89.4 MPH)
Top of the 1st over - 0 runs, 0 hits, 0 errors, 0 left on base; Nassau 0 - Castries 0
BOTTOM OF THE 1ST
Castries Palmeras batting - Pitching for Nassau Black Sails : RHP Carlos Zeballos
Pitching: RHP Carlos Zeballos
Batting: SHB Ignacio Medina 0-0: Ball
1-0: Ball
2-0: Foul Ball, location: 2F
2-1: Bunt for hit to 2R - play at first, batter OUT! 2-3
Batting: LHB Franklin Lopez 0-0: Fly out, F7 (Flyball, 7LS, EV 93.8 MPH)
Batting: RHB Kevin McReynolds 0-0: Ball
1-0: Foul Ball, location: 2F
1-1: Ball
2-1: Ball
3-1: Base on Balls
Batting: LHB Dan Logan 0-0: SINGLE (Groundball, 56D, EV 96.3 MPH)
Kevin McReynolds to second
Batting: RHB Dave Cash 0-0: Ball
1-0: Ball
2-0: TRIPLE (Flyball, 9LD, EV 100.0 MPH)
Kevin McReynolds scores
Dan Logan scores
Batting: LHB Leo Sutherland 0-0: Ball
1-0: Foul Ball, location: 2F
1-1: Ball
2-1: Ball
3-1: 2-RUN HOME RUN (Flyball, 89XD, EV 93.8 MPH), Distance : 402 ft
Batting: RHB Rob Teegarden 0-0: Ball
1-0: Ball
2-0: Called Strike
2-1: Ball
3-1: Base on Balls
Batting: RHB Mike Sharperson 0-0: Foul Ball, location: 2F
0-1: Foul Ball, location: 2F
0-2: Ball
1-2: Ball
2-2: Fielders Choice at 2nd, 5-4 (Groundball, 56, EV 98.1 MPH)
Bottom of the 1st over - 4 runs, 3 hits, 0 errors, 1 left on base; Nassau 0 - Castries 4
TOP OF THE 2ND
Nassau Black Sails batting - Pitching for Castries Palmeras : RHP Matt E Williams
Batting: LHB Sam Horn 0-0: Called Strike
0-1: Ball
1-1: Ball
2-1: Ground out U3 (Groundball, 3, EV 85.0 MPH)
Batting: RHB Steve Springer 0-0: Foul Ball, location: 2F
0-1: Ball
1-1: Swinging Strike
1-2: Foul Ball, location: 2F
1-2: Ball
2-2: Foul Ball, location: 2F
2-2: Fly out, F6 (Line Drive, 6, EV 67.5 MPH)
Batting: LHB John Weller 0-0: Ball
1-0: Called Strike
1-1: Foul Ball, location: 2F
1-2: Fly out, F7 (Flyball, 7S, EV 86.3 MPH)
Top of the 2nd over - 0 runs, 0 hits, 0 errors, 0 left on base; Nassau 0 - Castries 4
BOTTOM OF THE 2ND
Castries Palmeras batting - Pitching for Nassau Black Sails : RHP Carlos Zeballos
Batting: RHB Stewart Bringhurst 0-0: Hit by Pitch
Batting: SHB Ignacio Medina 0-0: Ball
1-0: Fielders Choice at 2nd, 4-6 (Groundball, 34, EV 107.5 MPH)
Batting: LHB Franklin Lopez 0-0: Called Strike
0-1: Called Strike
0-2: Foul Ball, location: 2F
0-2: Grounds into double play, 4-6-3 (Groundball, 4M, EV 88.8 MPH)
Bottom of the 2nd over - 0 runs, 0 hits, 0 errors, 0 left on base; Nassau 0 - Castries 4
TOP OF THE 3RD
Nassau Black Sails batting - Pitching for Castries Palmeras : RHP Matt E Williams
Batting: RHB Danny Sheaffer 0-0: Foul Ball, location: 2F
0-1: Foul Ball, location: 2F
0-2: Ball
1-2: SINGLE (Groundball, 56D, EV 101.9 MPH)
Batting: LHB Jay Erdahl 0-0: Called Strike
0-1: Called Strike
0-2: Ball
1-2: Ball
2-2: Foul Ball, location: 2F
2-2: DOUBLE (Line Drive, 89D, EV 105.0 MPH)
Danny Sheaffer to third
Runner from 3rd tries for Home, SAFE, no throw by CF
Batting: RHB Joe Redfield 0-0: Ball
1-0: Called Strike
1-1: Foul Ball, location: 2F
1-2: Ball
2-2: Strikes out looking
Batting: RHB Randolph Ebersberger 0-0: Foul Ball, location: 2F
0-1: Hit by Pitch
Batting: RHB Heri Ramirez 0-0: Ball
1-0: Fly out, F8 (Line Drive, 8LD, EV 92.5 MPH)
Batting: RHB Cecil Fielder 0-0: Ball
1-0: Called Strike
1-1: Called Strike
1-2: SINGLE (Groundball, 6D, EV 103.1 MPH)
Jay Erdahl to third
Randolph Ebersberger to second
Runner from 3rd tries for Home, SAFE, throw by CF to home
Batting: LHB Sam Horn 0-0: Ball
1-0: Ball
2-0: Swinging Strike
2-1: Called Strike
2-2: Strikes out swinging
Top of the 3rd over - 2 runs, 3 hits, 0 errors, 2 left on base; Nassau 2 - Castries 4
BOTTOM OF THE 3RD
Castries Palmeras batting - Pitching for Nassau Black Sails : RHP Carlos Zeballos
Batting: RHB Kevin McReynolds 0-0: Ball
1-0: Foul Ball, location: 2F
1-1: Ball
2-1: Ball
3-1: SINGLE (Line Drive, 8RS, EV 96.3 MPH)
Batting: LHB Dan Logan 0-0: Ball
1-0: Ball
2-0: Ball
3-0: Base on Balls
Kevin McReynolds to second
Batting: RHB Dave Cash 0-0: Ball
1-0: DOUBLE (Line Drive, 3D, EV 95.0 MPH)
Kevin McReynolds scores
Dan Logan to third
Pitching: RHP Kenneth Rabun
Batting: LHB Leo Sutherland 0-0: Fly out, F8 (Flyball, 8RXD, EV 110.0 MPH)
Runner from 3rd tags up, SCORES, no throw by CF
Batting: RHB Rob Teegarden 0-0: Ball
1-0: Ball
2-0: Ball
3-0: Base on Balls
Batting: RHB Mike Sharperson 0-0: Grounds into double play, 6-4-3 (Groundball, 6MS, EV 83.8 MPH)
Bottom of the 3rd over - 2 runs, 2 hits, 0 errors, 1 left on base; Nassau 2 - Castries 6
TOP OF THE 4TH
Nassau Black Sails batting - Pitching for Castries Palmeras : RHP Matt E Williams
Batting: RHB Steve Springer 0-0: Called Strike
0-1: Ball
1-1: Ball
2-1: Fly out, F8 (Flyball, 8LXD, EV 98.1 MPH)
Batting: LHB John Weller 0-0: Fly out, F7 (Flyball, 78M, EV 88.1 MPH)
Batting: RHB Danny Sheaffer 0-0: Called Strike
0-1: Ball
1-1: Ball
2-1: Ball
3-1: Fly out, F9 (Flyball, 89M, EV 91.9 MPH)
Top of the 4th over - 0 runs, 0 hits, 0 errors, 0 left on base; Nassau 2 - Castries 6
BOTTOM OF THE 4TH
Castries Palmeras batting - Pitching for Nassau Black Sails : RHP Kenneth Rabun
Batting: RHB Stewart Bringhurst 0-0: Called Strike
0-1: Ball
1-1: Foul Ball, location: 2F
1-2: SINGLE (Groundball, 56D, EV 98.8 MPH)
Batting: SHB Ignacio Medina 0-0: Fly out, F7 (Flyball, 7LM, EV 90.6 MPH)
Batting: LHB Franklin Lopez 0-0: Fly out, F8 (Flyball, 8LD, EV 85.6 MPH)
Batting: RHB Kevin McReynolds 0-0: Fly out, F9 (Flyball, 9, EV 93.1 MPH)
Bottom of the 4th over - 0 runs, 1 hit, 0 errors, 1 left on base; Nassau 2 - Castries 6
TOP OF THE 5TH
Nassau Black Sails batting - Pitching for Castries Palmeras : RHP Matt E Williams
Batting: LHB Jay Erdahl 0-0: Ball
1-0: Swinging Strike
1-1: Swinging Strike
1-2: Ball
2-2: Ball
3-2: Foul Ball, location: 2F
3-2: Foul Ball, location: 2F
3-2: SINGLE (Groundball, 3S, EV 75.0 MPH) (infield hit)
Batting: RHB Joe Redfield 0-0: Ball
1-0: Called Strike
1-1: Called Strike
1-2: Foul Ball, location: 2F
1-2: Strikes out swinging
Batting: RHB Randolph Ebersberger 0-0: Ball
1-0: Foul Ball, location: 2F
1-1: Called Strike
1-2: Strikes out looking
Batting: RHB Heri Ramirez 0-0: Ball
1-0: Ball
2-0: Ball
3-0: Called Strike
3-1: Foul Ball, location: 2F
3-2: Foul Ball, location: 2F
3-2: Foul Ball, location: 2F
3-2: SINGLE (Groundball, 34S, EV 81.3 MPH) (infield hit)
Jay Erdahl to second
Batting: RHB Cecil Fielder 0-0: Ball
1-0: Ball
2-0: Ball
3-0: Called Strike
3-1: Base on Balls
Jay Erdahl to third
Heri Ramirez to second
Batting: LHB Sam Horn 0-0: Ball
1-0: Ground out 4-3 (Groundball, 4, EV 86.3 MPH)
Top of the 5th over - 0 runs, 2 hits, 0 errors, 3 left on base; Nassau 2 - Castries 6
BOTTOM OF THE 5TH
Castries Palmeras batting - Pitching for Nassau Black Sails : RHP Kenneth Rabun
Batting: LHB Dan Logan 0-0: Ball
1-0: Ball
2-0: Ball
3-0: Base on Balls
Batting: RHB Dave Cash 0-0: Ball
1-0: Called Strike
1-1: Ball
2-1: Fly out, F8 (Line Drive, 8RM, EV 91.3 MPH)
Batting: LHB Leo Sutherland 0-0: Ball
1-0: Ball
2-0: Fly out, F8 (Flyball, 89M, EV 84.4 MPH)
Batting: RHB Rob Teegarden 0-0: Ball
1-0: Foul Ball, location: 2F
1-1: Ball
2-1: Ball
3-1: Base on Balls
Dan Logan to second
Batting: RHB Mike Sharperson 0-0: Ball
1-0: Ball
2-0: Fielders Choice at 2nd, 5-4 (Groundball, 5, EV 88.1 MPH)
Bottom of the 5th over - 0 runs, 0 hits, 0 errors, 2 left on base; Nassau 2 - Castries 6
TOP OF THE 6TH
Nassau Black Sails batting - Pitching for Castries Palmeras : RHP Matt E Williams
Batting: RHB Steve Springer 0-0: Ball
1-0: Fly out, F7 (Flyball, 7S, EV 95.6 MPH)
Batting: LHB John Weller 0-0: Ball
1-0: Ball
2-0: Called Strike
2-1: Ball
3-1: Base on Balls
Batting: RHB Danny Sheaffer 0-0: Fly out, F7 (Flyball, 78M, EV 84.4 MPH)
Batting: LHB Jay Erdahl 0-0: Ball
1-0: Called Strike
1-1: Ball
Pickoff Throw to First - Out! 1-3
Top of the 6th over - 0 runs, 0 hits, 0 errors, 0 left on base; Nassau 2 - Castries 6
BOTTOM OF THE 6TH
Castries Palmeras batting - Pitching for Nassau Black Sails : RHP Kenneth Rabun
Batting: RHB Stewart Bringhurst 0-0: Ball
1-0: Swinging Strike
1-1: Ball
2-1: Foul Ball, location: 2F
2-2: Ball
3-2: Base on Balls
Pitching: LHP Alejandro Arboleda
Batting: SHB Ignacio Medina 0-0: SINGLE (Line Drive, 7LS, EV 94.4 MPH)
Stewart Bringhurst to second
Batting: LHB Franklin Lopez 0-0: Fly out, F9 (Flyball, 9D, EV 88.8 MPH)
Runner from 2nd tags up, SAFE at 3rd, no throw by RF
Batting: RHB Kevin McReynolds 0-0: Called Strike
0-1: Ball
Wild Pitch!
Stewart Bringhurst scores
Ignacio Medina to second
1-1: SINGLE (Groundball, 56S, EV 65.0 MPH) (infield hit)
Ignacio Medina to third
Batting: LHB Dan Logan 0-0: Ball
1-0: Foul Ball, location: 2F
1-1: Ball
2-1: Ball
3-1: Called Strike
3-2: Grounds into double play, 2-4-3 (Groundball, 15S, EV 66.9 MPH)
Bottom of the 6th over - 1 run, 2 hits, 0 errors, 1 left on base; Nassau 2 - Castries 7
TOP OF THE 7TH
Nassau Black Sails batting - Pitching for Castries Palmeras : RHP Matt E Williams
Batting: LHB Jay Erdahl 0-0: Ball
1-0: Called Strike
1-1: Swinging Strike
1-2: Ball
2-2: Foul Ball, location: 2F
2-2: SINGLE (Line Drive, 89S, EV 110.0 MPH)
Batting: RHB Joe Redfield 0-0: Ball
1-0: Swinging Strike
1-1: Called Strike
1-2: Strikes out swinging
Batting: RHB Randolph Ebersberger 0-0: Called Strike
0-1: Ball
1-1: Ball
Jay Erdahl is caught stealing 2nd base 2-4
2-1: Swinging Strike
2-2: Strikes out swinging
Top of the 7th over - 0 runs, 1 hit, 0 errors, 0 left on base; Nassau 2 - Castries 7
BOTTOM OF THE 7TH
Castries Palmeras batting - Pitching for Nassau Black Sails : LHP Alejandro Arboleda
Batting: RHB Dave Cash 0-0: Ball
1-0: Ball
2-0: Called Strike
2-1: SINGLE (Groundball, 34D, EV 102.5 MPH)
Batting: LHB Leo Sutherland Pickoff Throw to First - Out! 1-3
0-0: Called Strike
0-1: Foul Ball, location: 2F
0-2: SINGLE (Line Drive, 8LS, EV 101.9 MPH)
Batting: RHB Rob Teegarden 0-0: Ball
1-0: Ball
2-0: Called Strike
2-1: Ball
Passed Ball!
Leo Sutherland to second
3-1: Base on Balls
Batting: RHB Mike Sharperson 0-0: Ball
1-0: Grounds into double play, 4-6-3 (Groundball, 4M, EV 93.1 MPH)
Bottom of the 7th over - 0 runs, 2 hits, 0 errors, 1 left on base; Nassau 2 - Castries 7
TOP OF THE 8TH
Nassau Black Sails batting - Pitching for Castries Palmeras : RHP Matt E Williams
Batting: RHB Heri Ramirez 0-0: Foul Ball, location: 2F
0-1: Fly out, F9 (Flyball, 89S, EV 90.0 MPH)
Batting: RHB Cecil Fielder 0-0: Ball
1-0: Foul Ball, location: 2F
1-1: Ball
2-1: Foul Ball, location: 2F
2-2: Foul Ball, location: 2F
2-2: Strikes out swinging
Batting: LHB Sam Horn 0-0: Called Strike
0-1: Ball
1-1: Ball
2-1: Ball
3-1: Foul Ball, location: 2F
3-2: Base on Balls
Batting: RHB Steve Springer 0-0: Called Strike
0-1: Swinging Strike
0-2: Ball
1-2: Ball
2-2: Foul Ball, location: 2F
2-2: Ball
3-2: Foul Ball, location: 2F
3-2: Strikes out swinging
Top of the 8th over - 0 runs, 0 hits, 0 errors, 1 left on base; Nassau 2 - Castries 7
BOTTOM OF THE 8TH
Castries Palmeras batting - Pitching for Nassau Black Sails : LHP Alejandro Arboleda
Batting: RHB Stewart Bringhurst 0-0: Foul Ball, location: 2F
0-1: SINGLE (Line Drive, 3D, EV 100.6 MPH)
Batting: SHB Ignacio Medina 0-0: Foul Ball, location: 2F
0-1: SINGLE (Line Drive, 89S, EV 88.1 MPH)
Stewart Bringhurst to second
Runner from 2nd tries for 3rd, SAFE, throw by RF made to third
Batting: LHB Franklin Lopez 0-0: Fly out, F4 (Popup, 34D, EV 55.0 MPH)
Batting: RHB Kevin McReynolds 0-0: Ball
1-0: Ball
Ignacio Medina is caught stealing 2nd base 2-4
2-0: Ball
3-0: Called Strike
3-1: SINGLE (Flyball, 9LS, EV 95.0 MPH)
Stewart Bringhurst scores
Batting: LHB Dan Logan 0-0: Ball
1-0: Called Strike
1-1: Foul Ball, location: 2F
1-2: Strikes out swinging
Bottom of the 8th over - 1 run, 3 hits, 0 errors, 1 left on base; Nassau 2 - Castries 8
TOP OF THE 9TH
Nassau Black Sails batting - Pitching for Castries Palmeras : RHP Matt E Williams
Batting: LHB John Weller 0-0: Fly out, F7 (Flyball, 78M, EV 85.0 MPH)
Batting: RHB Danny Sheaffer 0-0: Foul Ball, location: 2F
0-1: SINGLE (Groundball, 6MD, EV 105.0 MPH)
Batting: LHB Jay Erdahl 0-0: Foul Ball, location: 2F
0-1: Ball
1-1: Ground out 4-3 (Groundball, 34D, EV 100.0 MPH)
Danny Sheaffer to second
Batting: RHB Joe Redfield 0-0: Ball
1-0: Swinging Strike
1-1: Foul Ball, location: 2F
1-2: Foul Ball, location: 2F
1-2: Ball
2-2: Foul Ball, location: 2F
2-2: Foul Ball, location: 2F
2-2: Strikes out swinging
Top of the 9th over - 0 runs, 1 hit, 0 errors, 1 left on base; Nassau 2 - Castries 8
Tuesday, July 7th, 2020 - OOTP Baseball 21.4 Build 63